AoeStats
← Thewanderero

QS Arena

503271217Analyzed
4v4 RM · 1mo ago on Aug 30, 2026· 43m 51s· 8 players
Game mode
Random Map
Map size
Large (8 player)
Population
200
Speed
Normal
Resources
Standard
Victory
Conquest
Starting age
Dark Age
Ending age
Imperial Age
RankedLock teamsTeams togetherTeam positionsShared explorationLock speedFull tech treeHidden civsTurbo modeCheats
Victory
Defeat
🇨🇳 Hindustanis · China
1280
+7
🇹🇼 Georgians · Taiwan
1108
+14
🇮🇳 Britons · India
1033
+17
🇦🇺 Huns · Australia
931
+21
🇧🇾 Inca · Belarus
1073
-15
🇪🇸 Teutons · Spain
1061
-15
🇨🇱 Poles · Chile
1045
-14
🇺🇸 Koreans · United States
1042
-14
Thewanderero
8:45 Feudal Age
10:29 Loom
13:08 Castle Age
11:03 Horse Collar
12:01 Double-Bit Axe
13:53 Wheelbarrow
14:54 Bow Saw
15:18 Heavy Plow
23:08 Stone Mining
23:09 Gold Mining
24:10 Forging
24:00 Scale Mail Armor
24:28 Hand Cart
23:59 Town Watch
25:26 Gold Shaft Mining
25:26 Stone Shaft Mining
25:22 Champi Runner
26:02 Squires
25:49 Arson
25:25 Pikeman
28:35 Town Patrol
28:05 Champi Warrior
32:14 Imperial Age
30:36 Caravan
31:19 Iron Casting
30:59 Chain Mail Armor
33:33 Plate Mail Armor
34:03 Blast Furnace
32:27 Halberdier
34:55 Padded Archer Armor
34:45 Fletching
35:21 Conscription
35:51 Elite Champi Warrior
37:25 Crop Rotation
36:19 Elite Skirmisher
37:14 Bodkin Arrow
42:30 Fabric Shields
42:35 Andean Sling
43:50 Chemistry
43:11 Ballistics
43:03 Fortified Wall
TowLeeDough
9:09 Feudal Age
10:15 Double-Bit Axe
10:14 Horse Collar
12:57 Castle Age
21:01 Wheelbarrow
21:10 Bow Saw
21:13 Gold Mining
21:24 Loom
21:48 Stone Mining
23:24 Stone Shaft Mining
23:04 Fletching
23:38 Hand Cart
28:13 Imperial Age
27:32 Bodkin Arrow
27:39 Scale Mail Armor
27:50 Forging
28:07 Town Watch
28:01 Pikeman
28:44 Squires
28:42 Capped Ram
30:28 Chemistry
30:50 Bracer
31:35 Chain Mail Armor
31:55 Iron Casting
30:46 Halberdier
33:47 Arrowslits
34:13 Masonry
35:06 Plate Mail Armor
34:58 Ballistics
35:29 Elite Skirmisher
35:58 Crossbowman
37:51 Architecture
37:06 Arbalester
38:40 Thumb Ring
kiko1994
8:05 Feudal Age
12:27 Castle Age
10:38 Double-Bit Axe
15:59 Wheelbarrow
15:22 Gold Mining
15:13 Horse Collar
22:09 Bow Saw
24:13 Heavy Plow
24:07 Stone Mining
28:07 Imperial Age
25:56 Hand Cart
25:27 Loom
25:43 Town Watch
25:32 Man-at-Arms
26:14 Squires
27:07 Ironclad
27:16 Masonry
26:39 Long Swordsman
27:05 Gambesons
27:07 Arson
28:16 Forging
28:06 Scale Mail Armor
27:32 Pikeman
28:15 Two-Handed Swordsman
28:16 Halberdier
29:36 Iron Casting
28:26 Capped Ram
32:39 Blast Furnace
31:54 Chain Mail Armor
31:59 Champion
33:36 Crop Rotation
35:17 Caravan
36:43 Plate Mail Armor
38:45 Chemistry
38:16 Fletching
38:26 Padded Archer Armor
38:50 Crenellations
38:59 Conscription
38:20 Elite Skirmisher
38:59 Bodkin Arrow
39:32 Ballistics
40:26 Hoardings
43:14 Leather Archer Armor
Elmaikel_
2:53 Loom
9:06 Feudal Age
10:37 Double-Bit Axe
10:35 Horse Collar
11:16 Stone Mining
15:08 Castle Age
15:22 Gold Mining
16:44 Bow Saw
16:51 Heavy Plow
20:00 Wheelbarrow
19:50 Scale Mail Armor
19:54 Squires
23:20 Stone Shaft Mining
23:05 Gold Mining
24:57 Fortified Wall
25:19 Chain Mail Armor
29:03 Imperial Age
27:10 Murder Holes
27:02 Treadmill Crane
28:19 Hand Cart
29:10 Masonry
29:21 Arson
30:10 Conscription
31:06 Plate Mail Armor
30:49 Pikeman
33:08 Crop Rotation
32:52 Forging
32:15 Light Cavalry
33:08 Bloodlines
33:00 Husbandry
33:01 Fletching
34:21 Iron Casting
33:33 Winged Hussar
34:39 Lechitic Legacy
34:26 Scale Barding Armor
36:19 Blast Furnace
35:59 Szlachta Privileges
35:17 Cavalier
37:10 Chain Barding Armor
37:49 Cavalier
only play blackforest map
0:29 Loom
8:59 Feudal Age
16:48 Castle Age
22:20 Double-Bit Axe
26:22 Wheelbarrow
26:44 Bow Saw
26:47 Marauders
26:45 Horse Collar
27:56 Hand Cart
28:28 Heavy Plow
32:26 Imperial Age
29:52 Town Watch
30:25 Bloodlines
30:15 Husbandry
30:42 Scale Barding Armor
30:48 Forging
30:39 Gold Mining
31:19 Town Patrol
32:31 Elite Tarkan
33:32 Conscription
33:37 Chain Barding Armor
33:53 Iron Casting
34:22 Two-Man Saw
35:07 Plate Barding Armor
36:56 Blast Furnace
36:47 Caravan
38:43 Gold Shaft Mining
zymini
9:09 Feudal Age
10:19 Double-Bit Axe
12:39 Castle Age
10:28 Horse Collar
13:50 Bow Saw
18:20 Heavy Plow
19:09 Wheelbarrow
18:33 Gold Mining
19:42 Stone Mining
21:21 Gold Shaft Mining
22:07 Hand Cart
21:38 Loom
21:40 Town Watch
23:51 Scale Barding Armor
26:38 Imperial Age
24:41 Forging
25:54 Chain Barding Armor
25:41 Padded Archer Armor
27:00 Iron Casting
26:17 Fletching
26:44 Leather Archer Armor
26:20 Fletching
26:38 Husbandry
26:50 Bloodlines
27:39 Conscription
28:24 Chemistry
27:44 Ballistics
27:26 Shatagni
26:50 Heavy Camel Rider
28:38 Plate Barding Armor
28:35 Ring Archer Armor
28:09 Imperial Camel Rider
29:58 Blast Furnace
29:17 Grand Trunk Road
31:58 Scale Mail Armor
32:02 Squires
31:48 Arson
37:53 Thumb Ring
37:59 Elite Ghulam
39:17 Hoardings
39:00 Chain Mail Armor
41:52 Caravan
43:07 Bodkin Arrow
メHANSメ
8:10 Feudal Age
11:55 Castle Age
10:11 Double-Bit Axe
11:11 Horse Collar
12:59 Bow Saw
12:53 Heavy Plow
19:39 Wheelbarrow
19:47 Gold Mining
19:53 Stone Mining
21:16 Hand Cart
21:07 Gold Mining
23:37 Loom
26:58 Imperial Age
25:11 Ballistics
24:43 Fletching
25:49 Bodkin Arrow
25:55 Padded Archer Armor
27:04 Gold Shaft Mining
26:52 Town Watch
27:44 Bracer
29:35 Chemistry
28:43 Siege Engineers
29:25 Leather Archer Armor
30:16 Conscription
29:21 Elite Longbowman
30:29 Masonry
32:03 Ring Archer Armor
34:17 Yeomen
34:55 Scale Mail Armor
35:05 Forging
35:49 Guard Tower
35:44 Arrowslits
35:42 Treadmill Crane
35:58 Murder Holes
36:36 Architecture
37:07 Warwolf
39:37 Keep
39:15 Fortified Wall
40:54 Chain Mail Armor
41:14 Iron Casting
shanghung0314
8:38 Feudal Age
12:17 Castle Age
10:47 Horse Collar
13:53 Loom
13:55 Town Watch
14:05 Double-Bit Axe
16:35 Bow Saw
19:42 Wheelbarrow
21:02 Hand Cart
21:02 Town Patrol
21:42 Gold Mining
21:42 Stone Mining
21:49 Stone Mining
28:27 Imperial Age
26:09 Scale Barding Armor
26:15 Forging
26:52 Fletching
27:26 Chain Barding Armor
28:48 Iron Casting
28:10 Bodkin Arrow
30:14 Chemistry
29:46 Bloodlines
29:37 Husbandry
29:02 Elite Monaspa
30:03 Conscription
31:03 Blast Furnace
30:40 Plate Barding Armor
30:29 Ballistics
31:42 Aznauri Cavalry
32:40 Svan Towers
35:49 Bracer
42:51 Caravan
43:11 Guilds
Connection lost

Rejoining the realm…

Still unreachable

The connection could not be restored.

Session expired

The server has moved on; the page needs a fresh start.